 Dungeon Crawl Stone Soup version 0.19.4 (webtiles) character file.

434 vatarom the Insei (level 7, -4/47 HPs)
             Began as an Octopode Transmuter on Feb 2, 2017.
             Was an Initiate of Ashenzari.
             Slain by an ogre
             ... wielding a +0 giant spiked club
              (30 damage)
             ... on level 4 of the Dungeon.
             The game lasted 00:09:33 (3822 turns).

vatarom the Insei (Octopode Transmuter)             Turns: 3822, Time: 00:09:34

Health: -4/47      AC:  3    Str: 10    XL:     7   Next: 0%
Magic:  9/9        EV: 13    Int: 17    God:    Ashenzari [......]
Gold:   191        SH:  0    Dex: 14    Spells: 4 memorised, 0 levels left

rFire  . . .     SeeInvis +       - Unarmed
rCold  . . .     Gourm    .     (no shield)
rNeg   . . .     Faith    .     (helmet restricted)
rPois  +         Spirit   .     (no amulet)
rElec  .         Reflect  .     h - ring of see invisible (curse)
rCorr  .         Harm     .     (no ring)
MR     .....                    (no ring)
Stlth  ++........               (no ring)
                                (no ring)
                                (no ring)
                                (no ring)
                                (no ring)

@: no status effects
A: almost no armour, stealthy swim, amphibious, 8 rings, constrict 8, icy blue
scales 1, camouflage 1, clever 1, low mp 1, poison resistance, robust 1,
screaming 1, gelatinous body 1
a: Curse Item, Renounce Religion


You were on level 4 of the Dungeon.
You worshipped Ashenzari.
Ashenzari was noncommittal.
You were not hungry.

You visited 2 branches of the dungeon, and saw 5 of its levels.

You collected 191 gold pieces.

Inventory:

Missiles
 a - 66 arrows
Jewellery
 h - a cursed ring of see invisible (left tentacle)
Wands
 i - a wand of teleportation (0/9)
Scrolls
 e - 2 scrolls of identify
 f - 3 scrolls of fear
 l - a scroll of teleportation
 n - a scroll of remove curse
Potions
 d - a potion of berserk rage
 k - a potion of agility
 m - a potion of cancellation
Books
 b - a book of Changes

   Spells                             Type                      Level
   a - Beastly Appendage              Transmutation                1
   b - Sticks to Snakes               Transmutation                2
   c - Spider Form                    Transmutation/Poison         3
   d - Ice Form                       Ice/Transmutation            4
   e - Blade Hands                    Transmutation                5
Comestibles
 c - 2 bread rations
 g - a meat ration
 j - a slice of pizza
 o - 3 chunks of flesh


   Skills:
 - Level 1.0 Fighting
 - Level 2.0 Dodging
 * Level 6.4 Unarmed Combat
 - Level 2.0 Spellcasting
 + Level 4.4 Transmutations


You couldn't memorise any spells.
You knew the following spells:

 Your Spells              Type           Power        Failure   Level  Hunger
a - Beastly Appendage     Tmut           ###...       3%          1    #......
b - Sticks to Snakes      Tmut           ###.....     6%          2    ###....
c - Spider Form           Tmut/Pois      #.........   24%         3    ###....
d - Ice Form              Ice/Tmut       #.......     82%         4    #####..


Dungeon Overview and Level Annotations

Branches:
Dungeon (4/15)             Temple (1/1) D:4

Altars:
Ashenzari
Dithmenos
Elyvilon
Fedhas
Gozag
Kikubaaqudgha
Makhleb
Nemelex Xobeh
Okawaru
Qazlal
Ru
Sif Muna
Trog
Xom
Yredelemnul
Zin
The Shining One


Innate Abilities, Weirdness & Mutations

You cannot wear most types of armour.
You are very stealthy in the water. (Stealth+)
You are amphibious.
You can wear up to eight rings at the same time.
You can use your tentacles to constrict eight enemies at once.
Your skin changes colour to match your surroundings (Stealth+).
Your rubbery body absorbs attacks. (AC +1, EV +1)
You are partially covered in icy blue scales. (AC +2)
Your mind is acute. (Int +2)
Your magical capacity is low. (-10% MP)
Your system is resistant to poisons. (rPois)
You are robust. (+10% HP)
You occasionally shout uncontrollably at your foes.


Message History

There is a fountain of clear blue water here.
No target in view!
No target in view!
No target in view!
An ogre comes into view. It is wielding a giant spiked club.
There is an open door here.
You tentacle-slap the frilled lizard.
You kill the frilled lizard!
The ogre hits you with a giant spiked club!!
You see here a frilled lizard corpse.
You tentacle-slap the ogre.
The ogre is lightly wounded.
The ogre closely misses you.
You barely miss the ogre.
The ogre is lightly wounded.
You bludgeon the ogre!
The ogre is heavily wounded.
The ogre hits you with a giant spiked club!!
Ouch! That really hurt!
You die...

.#.#####......##............#####
.#+#########'###............##...
............................##...
.................#####....####...
.................#####÷...# #...
.................'........# #...
............#....####.....# #...
#...........#..O.##.......# #...
......<.....'...@'........+ #.##
.###.###########'###.#....#+##.#
.........#####.....#...........##
.#...........#.⌠.⌠.##..........#.
.......#.###.'..>..'...........#.
...#####.....#.⌠.⌠.#...........#.
.............#.....##............
.............###'###+..........#.
##...........##.....#..........#.


You could see an ogre.

Vanquished Creatures
  A phantom (D:4)
  3 howler monkeys
  A hound (D:4)
  Terence (D:2)
  An iguana (D:4)
  4 adders
  2 worms (D:2)
  4 dart slugs
  2 leopard geckos (D:4)
  2 orcs (D:3)
  2 ball pythons
  4 giant cockroaches
  6 hobgoblins
  6 jackals
  7 kobolds
  A quokka (D:2)
  8 bats
  6 frilled lizards
  12 goblins
  6 rats
79 creatures vanquished.

Vanquished Creatures (collateral kills)
  Jessica (D:2)
  Robin (D:2)
  A dart slug (D:2)
  4 goblins
  A frilled lizard (D:2)
  A kobold (D:1)
  2 rats
11 creatures vanquished.

Grand Total: 90 creatures vanquished

Notes
Turn   | Place    | Note
-------+----------+-------------------------------------------
     0 | D:1      | vatarom the Octopode Transmuter began the quest for the Orb.
     0 | D:1      | Reached XP level 1. HP: 13/13 MP: 3/3
   303 | D:1      | Reached XP level 2. HP: 12/18 MP: 5/5
   351 | D:1      | Gained mutation: Your magical capacity is low. (-10% MP) [potion of mutation]
   351 | D:1      | Gained mutation: You are robust. (+10% HP) [potion of mutation]
   351 | D:1      | Gained mutation: You are partially covered in icy blue scales. (AC +2) [potion of mutation]
   492 | D:1      | Learned a level 2 spell: Sticks to Snakes
   657 | D:1      | Reached XP level 3. HP: 25/25 MP: 5/5
   821 | D:2      | Found a blossoming altar of Fedhas.
   886 | D:2      | Noticed Robin
   905 | D:2      | Reached skill level 4 in Unarmed Combat
  1407 | D:2      | Reached XP level 4. HP: 22/30 MP: 6/6
  1417 | D:2      | Killed Robin
  1666 | D:2      | Noticed Terence
  1761 | D:2      | Killed Terence
  2114 | D:2      | Noticed Jessica
  2126 | D:2      | Killed Jessica
  2126 | D:2      | Reached XP level 5. HP: 36/36 MP: 3/7
  2151 | D:2      | Reached skill level 5 in Unarmed Combat
  2251 | D:2      | Learned a level 3 spell: Spider Form
  2449 | D:3      | Found a sparkling altar of Nemelex Xobeh.
  2796 | D:4      | Reached XP level 6. HP: 26/41 MP: 8/8
  2892 | D:4      | Found a staircase to the Ecumenical Temple.
  2900 | Temple   | Entered the Ecumenical Temple
  2999 | Temple   | Became a worshipper of Ashenzari the Shackled
  3246 | D:4      | Noticed a phantom
  3265 | D:4      | Gained mutation: You occasionally shout uncontrollably at your foes. [potion of mutation]
  3265 | D:4      | Gained mutation: Your mind is acute. (Int +2) [potion of mutation]
  3265 | D:4      | Gained mutation: Your system is resistant to poisons. (rPois) [potion of mutation]
  3457 | D:4      | Killed a phantom
  3457 | D:4      | Reached skill level 6 in Unarmed Combat
  3749 | D:4      | Reached XP level 7. HP: 45/47 MP: 9/9
  3791 | D:4      | Learned a level 4 spell: Ice Form
  3822 | D:4      | Slain by an ogre

Skill      XL: |  1  2  3  4  5  6 |
---------------+-------------------+-----
Unarmed Combat | 4 5 6 |  6.4
Transmutations | 3 4 |  4.4
Fighting       | |  1.0
Dodging        | |  2.0
Spellcasting   | |  2.0

Action                   |  1- 3 |  4- 6 |  7- 9 || total
-------------------------+-------+-------+-------++-------
Melee: Unarmed           |    79 |   139 |     4 ||   222
       Tentacles         |    16 |    18 |       ||    34
       Constrict         |    24 |    24 |       ||    48
       Punch             |     3 |     6 |       ||     9
 Cast: Sticks to Snakes  |     8 |    12 |       ||    20
       Beastly Appendage |     1 |       |       ||     1
       Spider Form       |       |     1 |       ||     1
Invok: Curse Item        |       |     1 |       ||     1
Evoke: Wand              |       |     1 |       ||     1
  Use: Potion            |     4 |     4 |       ||     8
       Scroll            |     5 |     2 |       ||     7
 Stab: Sleeping          |    12 |     2 |       ||    14
  Eat: Bread ration      |     1 |     1 |       ||     2
       Chunk             |       |     1 |       ||     1
       Pizza             |       |     1 |       ||     1
Armor: Skin              |     9 |    36 |       ||    45
Dodge: Dodged            |    56 |   115 |     1 ||   172
